Map: Ultralove

Players

iiiiiiiiiii

  • Race: Terran Terran
  • League: Diamond
  • Spawn Location: 1:00

llllllllllll - Winner!

  • Race: Terran Terran
  • League: Diamond
  • Spawn Location: 7:00

VOD

Have the link to the VOD?

Description

Time

  • Played on: April 25, 2025, 9:26 a.m.
  • Length: 3:17
Show
View Real Time Build Order
Export as new Build Order

iiiiiiiiiii Terran 

Build Orders: Gas First Reaper Expand 

Get SALT Encoding   

  12  0:00  SCV  
  13  0:12  SCV  
  14  0:18  Supply Depot  
  14  0:24  SCV  
  15  0:28  Refinery  
  15  0:39  SCV  
  16  0:44  Barracks  
  16  0:52  SCV  
  17  1:04  SCV  
  18  1:16  SCV  
  19  1:32  Orbital Command, Reaper  
  20  1:47  Command Center  
  20  1:58  Factory  
  20  2:07  Marine  
  21  2:09  Supply Depot  
  21  2:13  Refinery  
  21  2:21  SCV  
  22  2:24  Marine  
  21  2:42  Hellion  
  23  2:45  Marine  
  21  2:55  SCV  
Show
View Real Time Build Order
Export as new Build Order

llllllllllll Terran - Winner!

Build Orders:  

Get SALT Encoding   

  12  0:00  SCV  
  13  0:12  SCV  
  14  0:18  Supply Depot  
  14  0:24  SCV  
  15  0:31  Refinery  
  15  0:40  SCV  
  16  0:50  Barracks  
  16  1:03  Barracks  
  16  1:19  Barracks  
  16  1:27  Refinery  
  16  1:37  Reaper  
  17  1:50  Reaper  
  17  1:53  Orbital Command  
  18  2:07  Reaper  
  19  2:09  Reaper  
  20  2:22  Reaper  
  21  2:24  Supply Depot  
  21  2:39  Reaper  
  21  2:41  Reaper  
  22  2:53  SCV  
Tags
 
Add a new tag
Caveats
  • Supply blocks, unpowered buildings, or Contaminate may cause inaccurate times.
  • Supply counts are checked every 10 seconds.